AoeStats
← Ben Brankleton Jr

Black Forest

510166989Analyzed
4v4 RM · 21h ago on Sep 29, 2026· 51m 34s· 8 players
Game mode
Random Map
Map size
Large (8 player)
Population
200
Speed
Normal
Resources
Standard
Victory
Conquest
Starting age
Dark Age
Ending age
Imperial Age
RankedLock teamsTeams togetherTeam positionsShared explorationLock speedFull tech treeHidden civsTurbo modeCheats
Victory
Defeat
🇮🇪 Khitans · Ireland
760
+7
🇫🇷 Goths · France
734
+8
🇫🇷 Wu · France
733
+8
🇳🇱 Romans · Netherlands
706
+9
🇹🇷 Bohemians · Türkiye
665
-11
🇺🇸 Persians · United States
565
-8
🇧🇷 Turks · Brazil
538
-8
🇮🇪 Britons · Ireland
405
-5
cbgb
0:32 Loom
12:19 Feudal Age
13:00 Double-Bit Axe
12:59 Horse Collar
16:47 Wheelbarrow
19:51 Castle Age
17:53 Stone Mining
19:09 Fletching
20:36 Bodkin Arrow
22:08 Bow Saw
23:53 Heavy Plow
25:54 Hand Cart
27:41 Guard Tower
28:09 Gold Mining
31:09 Gold Shaft Mining
33:55 Imperial Age
31:12 Town Watch
32:02 Caravan
32:39 Scale Mail Armor
33:26 Town Patrol
35:52 Chemistry
35:07 Guilds
36:03 Block Printing
36:54 Crop Rotation
37:37 Murder Holes
38:02 Chain Mail Armor
39:22 Two-Man Saw
39:44 Onager
41:12 Citadels
41:49 Plate Mail Armor
42:08 Elite War Elephant
44:58 Gambesons
45:55 Man-at-Arms
47:26 Long Swordsman
kealanmurphy83
2:29 Loom
34:20 Feudal Age
35:57 Horse Collar
36:10 Double-Bit Axe
37:05 Wheelbarrow
36:16 Town Watch
37:39 Forging
37:30 Scale Mail Armor
38:02 Man-at-Arms
38:28 Arson
45:11 Castle Age
45:20 Long Swordsman
45:33 Long Swordsman
46:13 Squires
45:59 Gambesons
CoWarDly DoG
0:27 Loom
13:07 Feudal Age
22:56 Castle Age
21:04 Gold Mining
21:06 Stone Mining
21:02 Horse Collar
21:13 Double-Bit Axe
21:21 Gold Mining
29:16 Heavy Plow
37:17 Imperial Age
41:19 Conscription
kael9297
0:32 Loom
15:14 Feudal Age
15:47 Double-Bit Axe
15:46 Horse Collar
17:09 Wheelbarrow
26:19 Castle Age
25:47 Padded Archer Armor
25:39 Fletching
25:59 Forging
25:50 Scale Mail Armor
26:55 Scale Barding Armor
27:07 Caravan
28:01 Bow Saw
28:18 Heavy Plow
29:34 Hand Cart
32:25 Coinage
34:51 Imperial Age
34:04 Ballistics
34:44 Chemistry
34:07 Ballistics
33:43 Pikeman
36:17 Siege Engineers
36:08 Man-at-Arms
40:06 Elite Hussite Wagon
40:55 Wagenburg Tactics
42:16 Halberdier
42:57 Squires
42:32 Halberdier
43:13 Squires
Lethallegend420
15:57 Feudal Age
14:16 Loom
17:02 Feudal Age
17:39 Stone Mining
18:54 Gold Mining
18:55 Double-Bit Axe
18:54 Horse Collar
22:30 Castle Age
22:39 Castle Age
21:18 Wheelbarrow
25:19 Gold Shaft Mining
24:57 Bow Saw
24:51 Heavy Plow
26:24 Squires
29:58 Imperial Age
30:04 Imperial Age
27:50 Hand Cart
29:12 Pikeman
30:04 Scale Mail Armor
30:15 Forging
33:22 Husbandry
33:33 Bloodlines
33:53 Light Cavalry
35:48 Halberdier
38:07 Heavy Scorpion
38:08 Capped Ram
40:05 Ballistics
42:15 Fortified Wall
42:16 Masonry
42:04 Murder Holes
43:34 Conscription
46:56 Ballistas
48:02 Chemistry
47:34 Architecture
52:37 Iron Casting
52:18 Chain Mail Armor
52:09 Scale Barding Armor
DvDCover1028
3:59 Loom
12:33 Feudal Age
13:01 Domestication
13:10 Double-Bit Axe
14:07 Wheelbarrow
15:11 Town Watch
16:02 Gold Mining
17:38 Forging
18:23 Scale Barding Armor
22:34 Castle Age
23:43 Bow Saw
23:43 Pastoralism
23:54 Stone Mining
26:16 Hand Cart
30:23 Town Patrol
31:35 Husbandry
32:37 Caravan
34:57 Iron Casting
34:43 Chain Barding Armor
37:25 Imperial Age
37:28 Elite Steppe Lancer
38:37 Ordo Cavalry
38:53 Conscription
38:08 Heavy Rocket Cart
43:57 Plate Barding Armor
Ben Brankleton Jr
10:22 Feudal Age
14:46 Castle Age
13:04 Double-Bit Axe
22:00 Horse Collar
23:13 Heavy Plow
24:32 Gold Mining
24:57 Stone Mining
27:19 Wheelbarrow
30:48 Imperial Age
29:23 Scale Mail Armor
29:34 Forging
30:05 Hand Cart
30:12 Bow Saw
30:58 Chain Mail Armor
30:30 Pikeman
31:10 Squires
32:06 Crop Rotation
32:14 Conscription
32:10 Perfusion
31:52 Halberdier
33:49 Iron Casting
35:47 Blast Furnace
Ben Brankleton Sr
13:35 Feudal Age
18:02 Fletching
21:39 Castle Age
20:54 Double-Bit Axe
20:52 Horse Collar
22:21 Bodkin Arrow
24:40 Bow Saw
25:02 Loom
26:49 Heavy Plow
26:29 Pikeman
27:14 Squires
29:24 Scale Mail Armor
31:57 Wheelbarrow
31:07 Town Watch
30:57 Crossbowman
33:20 Hand Cart
34:07 Chain Mail Armor
34:02 Forging
34:43 Gold Mining
36:48 Forging
36:42 Padded Archer Armor
41:00 Imperial Age
39:15 Red Cliffs Tactics
44:28 Elite Fire Archer
45:39 Conscription
44:53 Elite Fire Archer
48:32 Bracer
50:50 Sitting Tiger
Connection lost

Rejoining the realm…

Still unreachable

The connection could not be restored.

Session expired

The server has moved on; the page needs a fresh start.